 Dungeon Crawl Stone Soup version 0.28.0-49-g6dfe1f597d (webtiles) character file.

Game seed: 9836877979482352757

0 Zeld the Vexing (level 1, 0/12 HPs)
             Began as a Kobold Arcane Marksman on May 18, 2022.
             Slain by a gnoll
             ... wielding a +0 club
              (5 damage)
             ... on level 1 of the Dungeon.
             The game lasted 00:00:28 (85 turns).

Zeld the Vexing (Kobold Arcane Marksman)              Turns: 85, Time: 00:00:28

Health: 0/12       AC:  2    Str:  7    XL:     1   Next: 11%
Magic:  1/2        EV: 15    Int: 14    God:
Gold:   18         SH:  0    Dex: 15    Spells: 1/2 levels left

rFire   . . .      SeeInvis .   a - +0 hand crossbow
rCold   . . .      Faith    .   (no shield)
rNeg    . . .      Spirit   .   d - +0 robe
rPois   .          Reflect  .   (no helmet)
rElec   .          Harm     .   (no cloak)
rCorr   .          Rampage  .   (no gloves)
Will    .....                   (no boots)
Stlth   ++........              (no amulet)
HPRegen 0.04/turn               (no ring)
MPRegen 0.08/turn               (no ring)

@: no status effects
A: small, no large weapons, nightstalker 3
a: no special abilities


You were on level 1 of the Dungeon.
You visited 1 branch of the dungeon, and saw 1 of its levels.

You collected 18 gold pieces.

Inventory:

Hand Weapons
 a - a +0 hand crossbow (weapon)
Missiles
 c - 16 bolts (quivered ammo)
Armour
 d - a +0 robe (worn)
Scrolls
 b - a scroll of brand weapon {unknown}


   Skills:
 + Level 1.1 Fighting
 * Level 2.4 Crossbows
 - Level 2.4 Dodging
 + Level 0.0 Stealth
 + Level 1.1 Spellcasting
 + Level 3.0 Hexes


You had one spell level left.
You knew the following spells:

 Your Spells              Type           Power      Damage    Failure   Level
a - Slow                  Hex            36%        N/A       8%          1

Your spell library contained the following spells:

 Spells                   Type           Power      Damage    Failure   Level
 Inner Flame              Hex/Fire       4%         N/A       38%         3
 Portal Projectile        Hex/Tloc       8%         N/A       38%         3
 Cause Fear               Hex            4%         N/A       58%         4


Dungeon Overview and Level Annotations

Branches:
Dungeon (1/15)

Altars:


Innate Abilities, Weirdness & Mutations

You are small and have problems with some larger weapons.
You are completely attuned to the shadows.


Message History

You open the large door.
There is a large open door here.
There is a large open door here.
You open the large door.
There is a large open door here.
You now have 18 gold pieces.
You open the large door.
There is a large open door here.
b - a scroll labelled GUOVEY OQITE A frilled lizard comes into view.
A frilled lizard is nearby!
Casting: Slow (safe; 8% risk of failure)
Confirm with . or Enter, or press ? or * to list all spells.
Aiming: Slow (safe; 8% risk of failure)
Press: ? - help, Shift-Dir - straight line, f - frilled lizard
Aim: a frilled lizard (asleep, chance to affect: 64%)
The frilled lizard hisses angrily.
The frilled lizard seems to slow down.
You hear a shout!
You shoot a bolt. The bolt hits the frilled lizard.
You kill the frilled lizard!
A gnoll comes into view. It is wielding a +0 club.
A gnoll is nearby!
A gnoll is nearby!
You shoot a bolt. The bolt closely misses the gnoll.
You shoot a bolt. The bolt closely misses the gnoll.
You shoot a bolt. The bolt closely misses the gnoll.
The gnoll hits you with a +0 club!
Ouch! That really hurt!
You are too injured to fight recklessly!
Unknown command.
Found a hunting sling.
Casting: Slow (safe; 8% risk of failure)
Confirm with . or Enter, or press ? or * to list all spells.
Aiming: Slow (safe; 8% risk of failure)
Press: ? - help, Shift-Dir - straight line, f/p - gnoll
Aim: a gnoll, wielding a +0 club (chance to affect: 55%)
The gnoll resists with significant effort.
The gnoll hits you with a +0 club.
You die...

#.##...'..#..'....
#.##.≈.#≈.#.≈#.≈≈.
#....≈8#≈.#.≈#.≈§.
######....≈.#≈.#.≈#.§§.
#.........≈.#≈...≈#.≈≈.
#.####....≈8#≈≈≈≈≈#.§≈.
#.####....≈.####### ###
#....#g...≈ ####.#@...≈
#...#..... #.#.......
#.#....... #.#......)
..#...... ......(


You could see a gnoll.

Vanquished Creatures
  A frilled lizard (D:1)
1 creature vanquished.

Notes
Turn   | Place    | Note
-------+----------+-------------------------------------------
     0 | D:1      | Zeld the Kobold Arcane Marksman began the quest for the
                  | Orb.
     0 | D:1      | Reached XP level 1. HP: 12/12 MP: 2/2
    85 | D:1      | Slain by a gnoll

Illustrated notes

Levels and vault maps discovered:
D:1:      lightli_arrival_isolated_outpost, layout_basic,
          hellmonk_ecumenical_altar_crossroads, kennysheep_crisscross,
          chequers_serial_rivers_small_a, grunt_decor_one_mirror,
          hangedman_abyss_or_decor_lesser_grid

Action                   || total
-------------------------++-------
 Fire: Hand crossbow     ||     4
 Cast: Slow              ||     2
